Map: Catalyst LE

Players

ShaDoWn - Winner!

  • Race: Protoss Protoss
  • League: Grandmaster
  • Spawn Location: 5:00

YoGo

  • Race: Zerg Zerg
  • League: Grandmaster
  • Spawn Location: 11:00

Event: HomeStory Cup XVII

VOD

Have the link to the VOD?

Description

Time

  • Played on: June 28, 2018, 3:33 p.m.
  • Length: 12:22

All games in this series

Show
View Real Time Build Order
Export as new Build Order

ShaDoWn Protoss - Winner!

Build Orders: 1 Gate Expand, Oracle Opening, Phoenix Opening, Carriers, Mass Phoenix 

Get SALT Encoding   

  12  0:00  Probe  
  13  0:12  Probe  
  14  0:20  Pylon  
  14  0:24  Probe  
  15  0:35  Probe  
  15  0:39  Gateway  
  16  0:43  Probe  
  16  0:48  Assimilator  
  17  0:52  Probe  
  18  1:04  Probe  
  19  1:16  Probe  
  20  1:25  Nexus  
  20  1:34  Cybernetics Core  
  20  1:37  Probe  
  21  1:44  Assimilator  
  21  1:49  Probe  
  21  1:54  Pylon  
  22  2:01  Probe  
  22  2:03  Adept  
  23  2:13  Probe  
  26  2:22  Stargate  
  26  2:25  Probe  
  26  2:29  Adept  
  27  2:33  Probe  
  27  2:34  Probe  
  29  2:43  Probe  
  31  2:45  Gateway  
  31  2:46  Probe  
  33  2:54  Probe  
  35  3:01  Adept  
  36  3:06  Shield Battery  
  36  3:12  Oracle  
  39  3:17  Shield Battery  
  39  3:24  Cybernetics Core  
  39  3:27  Probe x2  
  41  3:36  Probe  
  41  3:39  Probe  
  41  3:40  Pylon  
  43  3:44  Assimilator, Probe  
  43  3:46  Assimilator  
  44  3:49  Phoenix  
  44  3:55  Probe, Pylon  
  46  3:58  Probe  
  46  4:00  Warp Gate  
  48  4:08  Probe  
  49  4:10  Probe  
  49  4:17  Stargate  
  50  4:20  Probe  
  50  4:22  Probe  
  50  4:23  Shield Battery  
  52  4:29  Phoenix  
  52  4:31  Pylon  
  52  4:32  Probe  
  52  4:34  Probe  
  56  4:44  Probe  
  57  4:46  Probe  
  57  4:48  Phoenix  
  57  4:50  Pylon  
  58  4:54  Phoenix  
  58  4:56  Probe  
  58  4:58  Probe  
  62  5:03  Gateway  
  64  5:07  Phoenix  
  64  5:08  Probe  
  64  5:12  Gateway  
  67  5:15  Phoenix, Pylon  
  69  5:26  Zealot  
  69  5:27  Phoenix, Sentry  
  74  5:30  Pylon  
  75  5:40  Phoenix  
  77  5:43  Phoenix  
  77  5:48  Pylon  
  77  5:55  Nexus  
  79  6:05  Phoenix  
  79  6:06  Shield Battery  
  79  6:07  Sentry x2  
  79  6:08  Probe  
  86  6:11  Zealot  
  88  6:21  Phoenix  
  88  6:24  Zealot  
  90  6:26  Nexus  
  90  6:30  Phoenix, Shield Battery  
  92  6:34  Adept  
  92  6:35  Adept  
  96  6:46  Nexus  
  96  6:50  Pylon  
  96  6:58  Fleet Beacon  
  96  7:02  Adept  
  96  7:03  Adept x2  
  96  7:06  Pylon  
  102  7:22  Carrier  
  102  7:25  Probe  
  102  7:26  Probe  
  102  7:30  Carrier  
  102  7:37  Pylon  
  102  7:38  Probe x2  
  116  7:47  Protoss Air Weapons Level 1  
  116  7:50  Probe x2  
  115  7:55  Assimilator, Probe  
  115  7:58  Graviton Catapult, Probe x2  
  114  7:59  Assimilator  
  114  8:04  Probe  
  117  8:06  Probe  
  119  8:17  Probe  
  119  8:18  Probe  
  119  8:21  Probe  
  120  8:29  Probe  
  120  8:30  Probe  
  120  8:33  Probe  
  123  8:38  Carrier  
  121  8:41  Probe  
  121  8:42  Stargate  
  122  8:48  Carrier  
  122  8:50  Forge  
  128  8:58  Robotics Facility  
  134  9:05  Carrier  
  134  9:07  Pylon  
  135  9:31  Probe  
  135  9:33  Nexus  
  135  9:35  Pylon  
  135  9:38  Pylon  
  136  9:49  Twilight Council  
  136  9:50  Probe x2  
  138  9:53  Protoss Air Weapons Level 2  
  138  9:54  Carrier  
  138  9:56  Shield Battery  
  138  9:57  Photon Cannon  
  138  9:59  Probe  
  139  10:00  Photon Cannon  
  139  10:02  Photon Cannon  
  139  10:03  Shield Battery  
  139  10:04  Carrier  
  145  10:11  Probe  
  146  10:20  Probe  
  146  10:21  Assimilator, Probe  
  154  10:25  Assimilator  
  154  10:31  Carrier  
  154  10:32  Adept, Sentry  
  154  10:33  Adept x2  
  164  10:36  Shield Battery  
  160  10:54  Adept x3  
  149  11:09  Adept  
  149  11:10  Probe  
  152  11:17  Probe  
  149  11:22  Adept x3  
  167  11:40  Adept  
  167  11:44  Adept x3  
  171  12:09  Adept x4  
  175  12:17  Pylon  
  175  12:19  Pylon  
Show
View Real Time Build Order
Export as new Build Order

YoGo Zerg 

Build Orders: Hatch First 

Get SALT Encoding   

  12  0:00  Drone  
  13  0:15  Overlord  
  13  0:21  Drone  
  14  0:34  Drone  
  14  0:35  Drone  
  16  0:50  Hatchery  
  16  0:53  Drone  
  16  1:01  Extractor  
  15  1:10  Spawning Pool  
  14  1:13  Drone  
  14  1:17  Drone  
  16  1:23  Drone  
  17  1:43  Overlord  
  17  1:47  Drone  
  18  1:58  Queen  
  18  2:00  Metabolic Boost  
  20  2:02  Zergling x2  
  20  2:03  Zergling x2  
  20  2:05  Zergling x2  
  20  2:08  Zergling x2  
  24  2:13  Zergling x2  
  25  2:19  Zergling x2  
  26  2:25  Zergling x2  
  27  2:32  Queen  
  29  2:38  Zergling x4  
  30  3:00  Drone x4  
  33  3:07  Drone  
  33  3:15  Drone x2, Hatchery  
  32  3:20  Drone x2  
  33  3:27  Drone x2  
  34  3:34  Drone x2  
  34  3:39  Evolution Chamber  
  35  3:44  Overlord  
  35  3:46  Drone  
  36  4:02  Queen  
  36  4:05  Drone  
  36  4:06  Drone  
  36  4:07  Zerg Melee Weapons Level 1  
  36  4:09  Drone x2  
  42  4:10  Overlord  
  42  4:12  Overlord  
  39  4:17  Spore Crawler, Drone  
  39  4:18  Drone  
  39  4:24  Drone x2  
  40  4:28  Spore Crawler  
  40  4:29  Drone  
  40  4:33  Drone x2  
  40  4:38  Queen, Drone  
  43  4:42  Drone x2  
  43  4:45  Drone  
  48  4:46  Drone  
  48  4:49  Drone  
  48  4:51  Spore Crawler, Drone  
  48  4:52  Drone  
  51  4:53  Drone  
  51  4:56  Drone  
  51  4:58  Drone x2  
  55  5:04  Overlord  
  55  5:05  Overlord  
  55  5:18  Drone x3, Extractor  
  57  5:21  Queen  
  57  5:25  Zergling x12  
  57  5:26  Zergling x4  
  67  5:31  Baneling Nest  
  67  5:33  Zergling x6  
  69  5:37  Overlord  
  69  5:38  Overlord  
  69  5:41  Zergling x4  
  71  5:49  Zergling x6  
  74  5:55  Lair  
  73  5:59  Zergling x14  
  80  6:05  Overlord x2  
  80  6:06  Overlord  
  79  6:12  Drone x4  
  78  6:19  Drone x2  
  78  6:23  Zerg Missile Weapons Level 1, Extractor  
  78  6:24  Roach Warren  
  78  6:25  Drone x2, Extractor  
  78  6:26  Drone  
  78  6:28  Drone  
  78  6:29  Drone  
  75  6:42  Drone x4  
  75  6:43  Drone x2  
  75  6:45  Pneumatized Carapace  
  78  6:47  Extractor  
  78  6:48  Overlord x2  
  78  6:49  Overlord  
  75  6:56  Overlord x2  
  73  7:04  Spore Crawler, Zergling x4  
  73  7:05  Spore Crawler x2, Zergling x8  
  73  7:12  Spore Crawler x2  
  66  7:17  Spore Crawler, Drone x5  
  66  7:18  Drone  
  66  7:22  Hydralisk Den  
  62  7:25  Drone x2  
  62  7:26  Drone  
  62  7:27  Drone  
  62  7:29  Drone  
  65  7:30  Drone  
  65  7:35  Drone x2  
  65  7:36  Drone  
  67  7:40  Queen  
  66  7:52  Queen x2  
  69  7:58  Drone  
  69  7:59  Drone x3  
  69  8:00  Drone  
  69  8:01  Hydralisk x2  
  69  8:02  Hydralisk  
  80  8:07  Hydralisk  
  80  8:10  Hydralisk  
  81  8:14  Hydralisk  
  81  8:16  Drone  
  81  8:17  Zerg Melee Weapons Level 2, Drone  
  76  8:23  Spore Crawler, Drone x2  
  76  8:25  Drone  
  77  8:27  Drone  
  77  8:28  Drone  
  77  8:33  Drone x2  
  79  8:36  Centrifical Hooks  
  79  8:38  Drone  
  77  8:42  Drone x2  
  77  8:48  Drone  
  80  8:55  Drone x2  
  82  8:59  Hydralisk x2  
  82  9:00  Hydralisk x3  
  92  9:04  Hydralisk  
  94  9:10  Hydralisk x2  
  94  9:13  Hydralisk  
  94  9:16  Hydralisk  
  94  9:18  Hydralisk  
  94  9:24  Hydralisk x2  
  97  9:31  Drone x4  
  104  9:36  Muscular Augments  
  104  9:50  Zergling x8  
  108  9:55  Zergling x6  
  108  9:56  Zergling x2, Hatchery  
  109  10:01  Zergling x6  
  109  10:04  Zergling x4  
  109  10:05  Zergling x2  
  114  10:11  Zergling x8  
  118  10:19  Baneling x12  
  118  10:21  Baneling  
  118  10:24  Hydralisk  
  120  10:30  Zergling x8  
  120  10:35  Zergling x8  
  128  10:43  Baneling x2  
  124  10:55  Hydralisk x5  
  116  11:01  Hydralisk x3  
  116  11:04  Hydralisk  
  116  11:07  Drone x2  
  116  11:08  Drone  
  115  11:15  Hydralisk x2  
  115  11:16  Hydralisk  
  103  11:20  Hydralisk  
  103  11:23  Hydralisk  
  103  11:25  Hydralisk  
  107  11:31  Hydralisk x2  
  107  11:32  Extractor  
  110  11:37  Hydralisk x2  
  114  11:41  Hydralisk x2  
  113  11:47  Hydralisk x2  
  113  11:53  Hydralisk  
  117  11:54  Infestation Pit  
Tags
 
Add a new tag
Caveats
  • Supply blocks, unpowered buildings, or Contaminate may cause inaccurate times.
  • Supply counts are checked every 10 seconds.